 Dungeon Sprint DCSS version 0.21.1-1-g345015f (webtiles) character file.

7100000 doot the Conqueror (level 27, -79/266 HPs)
             Began as a Demonspawn Fighter on May 1, 2018.
             Was the Champion of Makhleb.
             Annihilated by a sculptor of flesh
             ... wielding a +9 great sword
              (225 damage)
             ... in the Dungeon (Sprint VIII: "Arena of Blood").
             The game lasted 00:04:21 (71 turns).

doot the Conqueror (Demonspawn Fighter)               Turns: 71, Time: 00:04:22

Health: -79/266    AC: 16    Str: 19    XL:     27
Magic:  32/54      EV: 32    Int: 10    God:    Makhleb [******]
Gold:   0          SH:  0    Dex: 23    Spells: 80/80 levels left

rFire    . . .     SeeInvis .   k - +∞ Axe of Woe
rCold    . . .     Gourm    .   (shield currently unavailable)
rNeg     . . .     Faith    .   a - +0 scale mail
rPois    .         Spirit   .   (helmet unavailable)
rElec    .         Reflect  .   (no cloak)
rCorr    .         Harm     .   (no gloves)
MR       ++...     NoTele   +   (no boots)
Stlth    +++++++++.             (no amulet)
HPRegen  0.54/turn              (no ring)
MPRegen  0.34/turn              (no ring)

@: no status effects
A: horns 3, rugged brown scales 3, demonic guardian 3, foul stench 2,
augmentation 3, rot immunity
a: Minor Destruction, Lesser Servant of Makhleb, Major Destruction, Greater
Servant of Makhleb, Renounce Religion


You were in the Dungeon.
You worshipped Makhleb.
Makhleb was exalted by your worship.
You were not hungry.

You visited 1 branch

Inventory:

Hand Weapons
 k - the +∞ Axe of Woe (weapon)
   (You found it in the Dungeon)
Armour
 a - a +0 scale mail (worn)
 b - a +0 shield
Scrolls
 j - a scroll of blinking
Potions
 c - a potion of might
 e - a potion of curing
 f - a potion of heal wounds
 g - a potion of haste
 h - 2 potions of magic
 i - a potion of berserk rage
Comestibles
 d - a ration


   Skills:
 O Level 27 Fighting
 O Level 27 Axes
 O Level 27 Throwing
 O Level 27 Armour
 O Level 27 Dodging
 O Level 27 Stealth
 O Level 27 Shields
 O Level 27 Unarmed Combat
 O Level 27 Spellcasting
 O Level 27 Invocations


You had 80 spell levels left.
You didn't know any spells.

Dungeon Overview and Level Annotations

Branches:
Dungeon (1/1)

Altars:
Makhleb

Annotations:
D The Captor


Innate Abilities, Weirdness & Mutations

You have a pair of large horns on your head.
You are completely covered in rugged brown scales. (AC +3, +7% HP)
A powerful demonic guardian rushes to your aid.
You frequently emit foul miasma when damaged in melee.
Your magical and physical power is greatly enhanced at high health.
You are immune to rotting.


Message History

You hear a shout! x3 2 large abominations, 2 crawling corpses and a greater mummy come into view.
Unknown command.
A hell beast and a greater mummy come into view.
The meat beast moves out of view.
You hear a shout! x2
The Captor hits you with a +9 triple sword of slicing!!!
You emit a cloud of foul miasma!
The accursed casts a spell at you. Something smites you!
The destroyer moves out of view.
You hear a shout!
The accursed points at you and mumbles some strange words.
Something smites you!
The meat berserker misses your lorocyproca.
You hear a shout!
The accursed gestures at you while chanting.
Something smites you!
The sculptor of flesh hits you with a +9 great sword!!!!!
Ouch! That really hurt!
You die...

.%o.. ... #V..
..# . #... ..# .
%.###.%. ..###..
....%%###..%....
..%.%2)_§)......
....#§xOXX#.... .
#_)§§_# . #)o)@z#
.......x_2@o.....
..M.%M%###O..z...
X.###... O.###..
. #%..


MO# . #.X. .o# .%... 2.O .... .oMo You could see 4 accurseds, 2 meat beasts, a
destroyer, 2 sculptors of flesh, a large bag of meat (inner flame), 2 large
abominations, The Captor, 4 meat berserkers, 5 bags of meat, 2 crawling corpses
and a friendly lorocyproca (invisible).

Vanquished Creatures
  A greater mummy (D)
  Harold (D)
  6 vampire knights (D)
  20 ogres (D)
  7 two-headed ogres (D)
  3 liches (D)
  35 orcs (D)
  2 skeletal warriors (D)
  3 large abominations (D)
  2 small abominations (D)
  4 crawling corpses (D)
84 creatures vanquished.

Vanquished Creatures (others)
  3 crawling corpses (D)
3 creatures vanquished.

Grand Total: 87 creatures vanquished

Notes
Turn   | Place    | Note
-------+----------+-------------------------------------------
     0 | D        | Found the +∞ Axe of Woe
     0 | D        | doot the Demonspawn Fighter began the quest for the Orb.
     0 | D        | Reached XP level 1. HP: 18/18 MP: 1/1
     3 | D        | Noticed a bag of meat
     3 | D        | Noticed a bag of meat
     3 | D        | Noticed a bag of meat
     5 | D        | Noticed a bag of meat
     6 | D        | Noticed a meat berserker
     7 | D        | Noticed a bag of meat
     8 | D        | Noticed a bag of meat
     9 | D        | Noticed a meat berserker
     9 | D        | Killed a bag of meat
     9 | D        | Gained mutation: You are immune to rotting. [demonic ancestry]
     9 | D        | Reached XP level 2. HP: 45/45 MP: 2/2
     9 | D        | Reached XP level 3. HP: 51/51 MP: 3/3
     9 | D        | Gained mutation: You are partially covered in rugged brown scales. (AC +1, +3% HP) [demonic ancestry]
     9 | D        | Reached XP level 4. HP: 51/59 MP: 4/4
     9 | D        | Gained mutation: You have a pair of small horns on your head. [demonic ancestry]
     9 | D        | Reached XP level 5. HP: 56/65 MP: 5/5
     9 | D        | Reached XP level 6. HP: 63/73 MP: 6/6
     9 | D        | Reached XP level 7. HP: 69/80 MP: 7/7
     9 | D        | Gained mutation: A weak demonic guardian rushes to your aid. [demonic ancestry]
     9 | D        | Reached XP level 8. HP: 75/87 MP: 8/8
     9 | D        | Gained mutation: You may emit foul miasma when damaged in melee. [demonic ancestry]
     9 | D        | Reached XP level 9. HP: 80/93 MP: 9/9
     9 | D        | Gained mutation: You frequently emit foul miasma when damaged in melee. [demonic ancestry]
     9 | D        | Reached XP level 10. HP: 86/100 MP: 10/10
     9 | D        | Gained mutation: You are mostly covered in rugged brown scales. (AC +2, +5% HP) [demonic ancestry]
     9 | D        | Reached XP level 11. HP: 86/109 MP: 11/11
     9 | D        | Killed a meat berserker
     9 | D        | Reached skill level 10 in Unarmed Combat
     9 | D        | Gained mutation: A demonic guardian rushes to your aid. [demonic ancestry]
     9 | D        | Reached XP level 12. HP: 100/127 MP: 12/12
     9 | D        | Reached XP level 13. HP: 105/133 MP: 13/13
    10 | D        | Noticed a bag of meat
    10 | D        | Killed a meat berserker
    10 | D        | Gained mutation: You are completely covered in rugged brown scales. (AC +3, +7% HP) [demonic ancestry]
    10 | D        | Reached XP level 14. HP: 56/149 MP: 14/14
    10 | D        | Killed a bag of meat
    10 | D        | Reached XP level 15. HP: 59/159 MP: 15/15
    10 | D        | Reached skill level 10 in Axes
    12 | D        | Noticed a meat berserker
    12 | D        | Killed a meat berserker
    12 | D        | Reached XP level 16. HP: 67/175 MP: 16/16
    13 | D        | Reached skill level 15 in Axes
    13 | D        | Reached skill level 27 in Fighting
    13 | D        | Gained mutation: You have a pair of horns on your head. [demonic ancestry]
    13 | D        | Reached XP level 17. HP: 71/186 MP: 17/17
    14 | D        | Noticed a meat berserker
    14 | D        | Became a worshipper of Makhleb the Destroyer
    15 | D        | Reached skill level 15 in Unarmed Combat
    16 | D        | Noticed a meat berserker
    16 | D        | Noticed a meat berserker
    16 | D        | Reached * piety under Makhleb
    17 | D        | Killed a meat berserker
    17 | D        | Reached skill level 27 in Armour
    17 | D        | Reached skill level 27 in Shields
    17 | D        | Reached XP level 18. HP: 139/194 MP: 18/18
    18 | D        | Noticed a large bag of meat
    18 | D        | Killed a meat berserker
    18 | D        | Reached ** piety under Makhleb
    18 | D        | Reached skill level 27 in Axes
    18 | D        | Reached skill level 5 in Dodging
    18 | D        | Reached XP level 19. HP: 136/202 MP: 19/19
    19 | D        | Noticed a meat berserker
    20 | D        | Reached *** piety under Makhleb
    20 | D        | Reached skill level 10 in Dodging
    20 | D        | Noticed a large bag of meat
    21 | D        | Killed a meat berserker
    21 | D        | Reached skill level 27 in Unarmed Combat
    22 | D        | Gained mutation: You have a pair of large horns on your head. [demonic ancestry]
    22 | D        | Reached XP level 20. HP: 179/210 MP: 20/20
    22 | D        | Reached **** piety under Makhleb
    23 | D        | Noticed a meat berserker
    23 | D        | Killed a large bag of meat
    23 | D        | Reached skill level 27 in Dodging
    24 | D        | Killed a large bag of meat
    24 | D        | Gained mutation: Your magical and physical power is slightly enhanced at high health. [demonic ancestry]
    24 | D        | Reached XP level 21. HP: 180/218 MP: 20/38
    25 | D        | Reached ***** piety under Makhleb
    25 | D        | Reached skill level 15 in Stealth
    26 | D        | Noticed a large bag of meat
    28 | D        | Noticed a large bag of meat
    29 | D        | Noticed The Servant
    31 | D        | Noticed a large bag of meat
    31 | D        | Killed a large bag of meat
    31 | D        | Reached skill level 27 in Invocations
    31 | D        | Gained mutation: Your magical and physical power is enhanced at high health. [demonic ancestry]
    31 | D        | Reached XP level 22. HP: 226/226 MP: 21/44
    32 | D        | HP: 8/226 [The Servant/+9 glaive of flaming (18)]
    33 | D        | Killed The Servant
    34 | D        | Noticed a large bag of meat
    34 | D        | Killed a large bag of meat
    34 | D        | Reached skill level 27 in Stealth
    34 | D        | Gained mutation: Your magical and physical power is greatly enhanced at high health. [demonic ancestry]
    34 | D        | Reached XP level 23. HP: 107/234 MP: 22/53
    34 | D        | Reached skill level 27 in Throwing
    34 | D        | Reached skill level 27 in Spellcasting
    38 | D        | Reached ****** piety under Makhleb
    38 | D        | Reached XP level 24. HP: 222/242 MP: 23/54
    38 | D        | Killed a large bag of meat
    41 | D        | Noticed a destroyer
    41 | D        | Reached XP level 25. HP: 244/250 MP: 24/54
    43 | D        | Killed a destroyer
    46 | D        | Noticed a destroyer
    46 | D        | Gained mutation: A powerful demonic guardian rushes to your aid. [demonic ancestry]
    46 | D        | Reached XP level 26. HP: 258/258 MP: 25/54
    48 | D        | Noticed a destroyer
    49 | D        | Reached XP level 27. HP: 253/266 MP: 26/54
    50 | D        | Noticed an accursed
    51 | D        | Killed a large bag of meat
    52 | D        | Noticed a tyrant
    52 | D        | Killed a destroyer
    53 | D        | Noticed a destroyer
    54 | D        | Killed a destroyer
    55 | D        | Noticed a destroyer
    56 | D        | Noticed a large bag of meat
    56 | D        | Noticed a destroyer
    56 | D        | Killed an accursed
    58 | D        | Noticed a tyrant
    58 | D        | Noticed a tyrant
    59 | D        | Killed a large bag of meat
    60 | D        | Noticed an accursed
    60 | D        | Killed a destroyer
    61 | D        | Noticed an accursed
    61 | D        | Killed a tyrant
    62 | D        | Killed a destroyer
    64 | D        | Noticed The Captor
    65 | D        | Killed a destroyer
    67 | D        | Noticed a large bag of meat
    67 | D        | Killed a tyrant
    68 | D        | Killed a tyrant
    69 | D        | Noticed a destroyer
    70 | D        | Noticed a meat beast
    71 | D        | Noticed an accursed
    71 | D        | Noticed an accursed
    71 | D        | Noticed a meat beast
    71 | D        | Annihilated by a sculptor of flesh

Skill      XL: |  1  2  3  4  5  6  7  8  9 10 11 12 13 14 15 16 17 18 19 20 21 22 23 |
---------------+----------------------------------------------------------------------+-----
Fighting       | 16 20 22 23 26 27 | 27.0
Axes           | 3 6 8 9 14 16 23 27 | 27.0
Armour         | 14 18 20 21 23 24 27 | 27.0
Shields        | 14 18 20 23 24 27 | 27.0
Unarmed Combat | 8 10 11 13 14 16 20 27 | 27.0
Dodging        | 5 22 27 | 27.0
Throwing       | 13 18 26 27 | 27.0
Stealth        | 14 20 27 | 27.0
Spellcasting   | 13 18 26 27 | 27.0
Invocations    | 17 27 | 27.0

Action                   |  1- 3 |  4- 6 |  7- 9 | 10-12 | 13-15 | 16-18 | 19-21 | 22-24 | 25-27 || total
-------------------------+-------+-------+-------+-------+-------+-------+-------+-------+-------++-------
Melee: Executioner's axe |     1 |       |       |       |     3 |     5 |     9 |     7 |    24 ||    49
Invok: Greater Servant o |       |       |       |       |       |       |     1 |       |       ||     1
Dodge: Dodged            |       |       |       |       |       |       |       |       |     5 ||     5
